AoeStats
← SkL

African Clearing

504378421Analyzed
4v4 RM · 28d ago on Sep 5, 2026· 54m 23s· 8 players
Game mode
Random Map
Map size
Large (8 player)
Population
200
Speed
Normal
Resources
Standard
Victory
Conquest
Starting age
Dark Age
Ending age
Imperial Age
RankedLock teamsTeams togetherTeam positionsShared explorationLock speedFull tech treeHidden civsTurbo modeCheats
Victory
Defeat
1371
+11
🇧🇷 Khmer · Brazil
1276
+15
🇧🇷 Spanish · Brazil
1259
+15
🇧🇷 Tupi · Brazil
1212
+17
🇺🇸 Hindustanis · United States
1349
-18
🇺🇸 Gurjaras · United States
1341
-18
🇨🇴 Persians · Colombia
1261
-15
🇺🇸 Mongols · United States
1033
-7
whitewidow52
4:41 Loom
13:03 Feudal Age
18:24 Castle Age
18:14 Double-Bit Axe
19:19 Horse Collar
34:24 Fletching
35:26 Wheelbarrow
39:09 Bodkin Arrow
38:54 Elite Skirmisher
Ice2207
11:17 Loom
13:03 Feudal Age
14:33 Double-Bit Axe
17:21 Castle Age
16:52 Scale Mail Armor
19:22 Bow Saw
20:26 Horse Collar
22:51 Squires
25:02 Wheelbarrow
25:58 Chain Mail Armor
27:33 Elite Skirmisher
28:05 Fletching
28:16 Padded Archer Armor
29:10 Bodkin Arrow
29:37 Ballistics
31:04 Forging
31:49 Scale Barding Armor
34:28 Hand Cart
34:18 Town Watch
35:27 Bloodlines
35:17 Husbandry
35:39 Heavy Plow
39:00 Imperial Age
37:11 Leather Archer Armor
38:18 Grand Trunk Road
39:58 Chain Barding Armor
39:06 Heavy Camel Rider
40:49 Chemistry
40:01 Light Cavalry
41:39 Ring Archer Armor
41:10 Bracer
43:15 Plate Barding Armor
42:13 Imperial Camel Rider
43:28 Shatagni
44:43 Iron Casting
46:37 Blast Furnace
45:52 Hussar
47:53 Gold Mining
47:54 Stone Mining
49:03 Coinage
48:47 Masonry
48:44 Siege Engineers
48:51 Masonry
48:36 Murder Holes
50:15 Banking
TTCAPTT
15:52 Feudal Age
17:11 Wheelbarrow
16:30 Double-Bit Axe
16:37 Horse Collar
20:14 Castle Age
19:47 Fletching
20:47 Bodkin Arrow
22:02 Padded Archer Armor
21:58 Town Watch
22:19 Loom
27:05 Bloodlines
27:47 Husbandry
33:49 Parthian Tactics
40:48 Thumb Ring
44:15 Gold Mining
46:53 Elite Skirmisher
53:21 Imperial Age
ENJIN3AR
3:20 Loom
13:56 Feudal Age
20:35 Castle Age
18:23 Double-Bit Axe
18:41 Stone Mining
19:02 Gold Mining
20:29 Bloodlines
20:48 Forging
21:46 Light Cavalry
24:50 Wheelbarrow
28:33 Husbandry
37:57 Town Watch
45:42 Imperial Age
43:34 Hand Cart
44:19 Horse Collar
46:01 Elite Skirmisher
46:47 Thumb Ring
46:55 Fletching
47:05 Padded Archer Armor
47:12 Scale Barding Armor
47:08 Scale Mail Armor
48:25 Squires
48:29 Bodkin Arrow
48:49 Leather Archer Armor
49:42 Chain Barding Armor
50:06 Bracer
50:10 Scale Mail Armor
50:47 Iron Casting
50:52 Heavy Camel Rider
51:25 Onager
52:35 Conscription
52:18 Nomads
53:05 Bow Saw
53:30 Light Cavalry
[RZ] Matheus
3:20 Loom
13:56 Feudal Age
15:01 Double-Bit Axe
18:15 Castle Age
17:13 Stone Mining
19:04 Wheelbarrow
18:40 Horse Collar
19:57 Heavy Plow
24:26 Padded Archer Armor
28:09 Bow Saw
27:52 Gold Mining
35:07 Leather Archer Armor
36:04 Hand Cart
39:18 Town Watch
40:33 Fletching
41:22 Bodkin Arrow
43:15 Elite Skirmisher
46:37 Imperial Age
46:29 Thumb Ring
47:49 Conscription
48:36 Chemistry
47:57 Ballistics
49:44 Two-Man Saw
48:52 Bracer
50:37 Ring Archer Armor
50:13 Scale Barding Armor
50:18 Forging
50:15 Light Cavalry
51:05 Bloodlines
50:56 Husbandry
50:35 Elite Conquistador
51:17 Inquisition
53:07 Supremacy
53:33 Hussar
[RZ] João Paulo
3:25 Loom
14:44 Feudal Age
16:05 Double-Bit Axe
19:00 Castle Age
17:14 Stone Mining
17:16 Gold Mining
19:02 Horse Collar
20:35 Bow Saw
25:09 Fletching
25:20 Padded Archer Armor
26:46 Bodkin Arrow
27:45 Leather Archer Armor
28:48 Ballistics
33:22 Wheelbarrow
32:36 Town Watch
36:33 Imperial Age
34:21 Heavy Plow
36:45 Elite Blackwood Archer
37:33 Curare
37:13 Capped Ram
38:32 Bracer
39:03 Ring Archer Armor
40:28 Two-Man Saw
40:54 Chemistry
43:10 Conscription
47:50 Hand Cart
48:12 Gold Shaft Mining
49:54 Murder Holes
49:39 Treadmill Crane
49:50 Heated Shot
50:12 Forging
50:03 Scale Mail Armor
54:24 Hoardings
SkL
11:51 Feudal Age
12:31 Double-Bit Axe
12:37 Loom
19:38 Castle Age
17:56 Gold Mining
19:14 Scale Barding Armor
21:13 Husbandry
22:24 Husbandry
22:54 Bloodlines
22:55 Horse Collar
25:18 Wheelbarrow
28:53 Chain Barding Armor
31:23 Forging
34:36 Scale Mail Armor
37:09 Imperial Age
35:43 Iron Casting
34:46 Pikeman
40:23 Light Cavalry
41:43 Plate Barding Armor
41:07 Halberdier
42:21 Chain Mail Armor
45:05 Blast Furnace
44:28 Bow Saw
45:53 Conscription
46:52 Heavy Scorpion
50:35 Conscription
50:10 Fletching
53:41 Heavy Plow
54:50 Bodkin Arrow
[RZ] Citrato de Sildenafila 50mg
4:42 Loom
13:06 Feudal Age
15:35 Double-Bit Axe
16:15 Horse Collar
17:25 Fletching
23:38 Castle Age
21:59 Town Watch
27:17 Padded Archer Armor
27:52 Bow Saw
29:16 Bloodlines
29:54 Ballistics
31:33 Bodkin Arrow
33:15 Wheelbarrow
33:44 Thumb Ring
34:09 Gold Mining
35:03 Leather Archer Armor
36:54 Hand Cart
37:35 Gold Shaft Mining
40:59 Imperial Age
39:52 Masonry
40:30 Corvinian Army
40:49 Husbandry
40:55 Scale Barding Armor
42:18 Chain Barding Armor
42:24 Bracer
43:26 Chemistry
43:11 Parthian Tactics
43:15 Conscription
43:56 Ring Archer Armor
45:15 Recurve Bow
46:05 Heavy Cavalry Archer
47:48 Heavy Plow
47:11 Elite Magyar Huszar
48:47 Plate Barding Armor
54:30 Siege Engineers
54:06 Treadmill Crane
Connection lost

Rejoining the realm…

Still unreachable

The connection could not be restored.

Session expired

The server has moved on; the page needs a fresh start.